 Dungeon Crawl Stone Soup version 0.30.0-29-ga12c61a403 (webtiles) character file.

Game seed: 18431828855615076166

4543 H0rd4k the Slicer (level 10, -6/77 HPs)
             Began as a Human Artificer on June 7, 2023.
             Was an Initiate of Gozag.
             Mangled by a troll (13 damage)
             ... on level 8 of the Dungeon on June 9, 2023.
             The game lasted 00:15:15 (10027 turns).

H0rd4k the Slicer (Human Artificer)                Turns: 10027, Time: 00:15:16

Health: -6/77      AC:  6    Str: 15    XL:     10   Next: 67%
Magic:  14/14      EV: 14    Int: 15    God:    Gozag
Gold:   1735       SH:  0    Dex: 14    Spells: 3/15 levels left

rFire   + . .        r - +8 long sword "Utwaej" {pain, rElec Str+2 Stlth+}
rCold   . . .        (no shield)
rNeg    . . .        u - +3 leather armour {rF+}
rPois   .            (no helmet)
rElec   +            (no cloak)
rCorr   .            (no gloves)
SInv    .            (no boots)
Will    .....        J - amulet of the acrobat
Stlth   ++++         (no ring)
HPRegen 0.32/turn    (no ring)
MPRegen 0.14/turn

%: acrobat
@: no status effects
A: no striking features
a: Renounce Religion, Potion Petition, Call Merchant, Bribe Branch


You were on level 8 of the Dungeon.
You worshipped Gozag.
Gozag was most pleased with you.
You visited 1 branch of the dungeon, and saw 9 of its levels.

You collected 1778 gold pieces.
You paid 43 gold pieces to Gozag.

Inventory:

Hand Weapons
 a - a +2 dagger of draining
 f - a +2 dagger of pain
 r - the +8 long sword "Utwaej" (weapon) {pain, rElec Str+2 Stlth+}
   (You took it off an orc on level 8 of the Dungeon)

   Str:       It affects your strength (+2).
   rElec:     It insulates you from electricity.
   Stlth:     It makes you more stealthy.
 K - a +0 dagger of venom
 L - a +3 dagger
Missiles
 e - 3 poisoned darts (quivered)
 G - 2 throwing nets
Armour
 u - a +3 leather armour of fire resistance (worn)
 F - the +1 leather armour "Boepp" {-Cast rC++}
   (You found it on level 5 of the Dungeon)

   rC:        It greatly protects you from cold.
   -Cast:     It prevents spellcasting.
Magical Staves
 o - a staff of death
 y - a staff of air
Jewellery
 J - an amulet of the acrobat (around neck)
Wands
 c - a wand of flame (1)
 D - a wand of polymorph (7)
Scrolls
 n - a scroll of blinking
 q - a scroll of enchant weapon {unknown}
 s - 2 scrolls of noise {unknown}
 t - 2 scrolls of brand weapon {unknown}
 v - a scroll of teleportation {unknown}
 w - 2 scrolls of fog
 B - 4 scrolls of fear
 C - a scroll of silence
 I - 2 scrolls of amnesia
Potions
 b - a potion of cancellation
 g - 2 potions of degeneration
 h - a potion of invisibility {unknown}
 i - 6 potions of curing
 j - 3 potions of flight
 k - a potion of resistance {unknown}
 l - 6 potions of heal wounds {unknown}
 m - a potion of berserk rage {unknown}
 p - 5 potions of brilliance {unknown}
 x - 2 potions of attraction {unknown}
 z - a potion of magic {unknown}
 A - 2 potions of might {unknown}
 H - 2 potions of lignification {unknown}


   Skills:
 + Level 6.6 Fighting
 + Level 8.5 Short Blades
 - Level 2.0 Armour
 + Level 6.6 Dodging
 + Level 4.9 Stealth
 * Level 3.0 Spellcasting
 * Level 0.1 Necromancy
 * Level 0.1 Air Magic
 + Level 6.0 Evocations


You had 3 spell levels left.
You knew the following spells:

 Your Spells              Type           Power      Damage    Failure   Level
a - Necrotise             Necr           8%         1d4       24%         1
b - Swiftness             Air            2%         N/A       56%         3
c - Sticky Flame          Conj/Fire      2%         2d3       94%         4
d - Airstrike             Air            1%         2d(1-17)  93%         4

Your spell library contained the following spells:

 Spells                   Type           Power      Damage    Failure   Level
 Apportation              Tloc           4%         N/A       24%         1
 Shock                    Conj/Air       8%         1d3       24%         1
 Summon Small Mammal      Summ           8%         N/A       24%         1
 Ignite Poison            Fire/Tmut/Pois 2%         N/A       58%         3
 Conjure Ball Lightning   Conj/Air       1%         3x3d6     100%        6
 Discord                  Hex            1%         N/A       100%        8
 Disjunction              Tloc           1%         N/A       100%        8
 Ignition                 Fire           1%         3d3       100%        8


Dungeon Overview and Level Annotations

Branches:
Dungeon (9/15)             Temple (0/1) D:7
   Lair: D:8-11         Orc: D:9-12

Altars:
Ashenzari
Elyvilon
Fedhas
Gozag
Kikubaaqudgha
Makhleb
Nemelex Xobeh
Qazlal
Sif Muna
Vehumet

Shops:
D:6 *   D:7 ::!   D:8 *   D:9 *

Annotations:
D:4 2 transporters, exclusions: ogre and statue, Graphine's ghost, amateur MfGl
D:6 Blork the orc
D:7 exclusion: 2 downstairs
D:9 exclusion: troll


Message History

You throw a poisoned dart.
The poisoned dart closely misses the troll.
The troll shouts!
You throw a poisoned dart. The poisoned dart hits the troll.
The troll is poisoned.
You throw a poisoned dart.
The poisoned dart closely misses the troll.
You throw a poisoned dart. The poisoned dart hits the troll.
The troll is lightly wounded.
You throw a poisoned dart. The poisoned dart hits the troll.
The troll is lightly wounded.
You throw a poisoned dart.
The poisoned dart barely misses the troll.
You closely miss the troll.
The troll is lightly wounded.
The troll barely misses you. The troll claws you!
The troll claws you but does no damage.
You hit the troll.
The troll is lightly wounded.
The troll bites you! The troll claws you. The troll misses you.
You hit the troll.
The troll is lightly wounded.
The troll bites you but does no damage. The troll claws you.
The troll closely misses you.
You slash the troll!
The troll is heavily wounded.
The troll looks more healthy.
The troll bites you! The troll claws you. The troll barely misses you.
The troll closely misses you. The troll claws you! The troll claws you.
You slash the troll!
The troll is severely wounded.
The troll closely misses you. The troll claws you!
* * * LOW HITPOINT WARNING * * *
The troll claws you!
* * * LOW HITPOINT WARNING * * *
You hit the troll.
The troll is almost dead.
The troll bites you!
You die...
Your body crumbles into a pile of gold.

#...............#
#...(.(.........# ###
##....(..........# ###..
#................# #.... ####
#......(.........###.... #:::
#......(.........##.....
#######.............#.###.....
#.....#..#...T......#.###.....
#.._..#..#...@................
#.....'.###...........##......
#######.###........#[.##......
###....##......####..#.......
#####...........####
##[##......#
....<[######....###
#[.###.....# .######
###....####..# ###..## ##
##.........## ####
#..........##


You could see a troll.

Vanquished Creatures
  A wyvern (D:8)
  5 yaks (D:8)
  4 water moccasins (D:7)
  2 orc warriors
  A sky beast (D:7)
  3 black bears
  4 ogres
  3 centaurs
  2 kobold brigands
  6 bullfrogs
  A gnoll sergeant (D:7)
  2 scorpions (D:5)
  3 wights (D:8)
  6 killer bees
  5 orc priests
  2 hounds
  A gnoll bouda (D:4)
  2 jellies
  5 iguanas
  2 sleepcaps (D:6)
  5 orc wizards
  7 gnolls
  10 adders
  A white imp (D:6)
  An ufetubus (D:5)
  2 worms
  5 dart slugs
  12 orcs
  2 bats (D:1)
  7 endoplasms
  2 giant cockroaches
  7 goblins
  9 hobgoblins
  5 jackals
  3 quokkas
  7 ball pythons
  2 frilled lizards
  12 kobolds
  6 rats
165 creatures vanquished.

Vanquished Creatures (collateral kills)
  A wight (D:8)
  A sleepcap (D:6)
  An iguana (D:4)
  An orc wizard (D:6)
  4 gnolls
  An orc (D:4)
9 creatures vanquished.

Vanquished Creatures (others)
  A gnoll bouda (D:5)
  A gnoll (D:5)
  2 orcs
  A butterfly (D:3)
5 creatures vanquished.

Grand Total: 179 creatures vanquished

Notes
Turn   | Place    | Note
-------+----------+-------------------------------------------
     0 | D:1      | H0rd4k the Human Artificer began the quest for the Orb.
     0 | D:1      | Reached XP level 1. HP: 15/15 MP: 1/1
    97 | D:1      | Reached XP level 2. HP: 21/21 MP: 2/2
   306 | D:1      | Reached XP level 3. HP: 15/26 MP: 3/3
  1061 | D:2      | Reached XP level 4. HP: 32/32 MP: 4/4
  1077 | D:2      | Reached skill level 1 in Short Blades
  1600 | D:3      | Found a burning altar of Makhleb.
  1600 | D:3      | Noticed a cacodemon
  1761 | D:3      | Reached XP level 5. HP: 36/37 MP: 5/5
  1861 | D:3      | Found a blossoming altar of Fedhas.
  1955 | D:3      | Found an opulent altar of Gozag.
  1996 | D:3      | Became a worshipper of Gozag Ym Sagoz the Greedy
  2233 | D:3      | Found a white marble altar of Elyvilon.
  2436 | D:4      | Noticed an ogre
  2491 | D:4      | Reached skill level 2 in Short Blades
  2509 | D:4      | Killed an ogre
  2529 | D:4      | Reached XP level 6. HP: 11/44 MP: 6/6
  2714 | D:4      | Found a radiant altar of Vehumet.
  2741 | D:4      | Reached skill level 3 in Short Blades
  2878 | D:4      | Found a transporter.
  2878 | D:4      | Found a transporter.
  2888 | D:4      | Noticed Graphine's ghost (amateur MfGl)
  3024 | D:4      | Found a stormy altar of Qazlal.
  3121 | D:4      | Reached XP level 7. HP: 48/51 MP: 7/7
  3629 | D:5      | Entered Level 5 of the Dungeon
  3691 | D:5      | Reached skill level 4 in Short Blades
  3976 | D:5      | Identified the +1 leather armour "Boepp" {-Cast rC++}
  4576 | D:5      | Reached XP level 8. HP: 53/58 MP: 8/8
  4577 | D:5      | Reached skill level 5 in Short Blades
  4795 | D:5      | Found a sparkling altar of Nemelex Xobeh.
  4927 | D:6      | Found Luruekyrgh's Lightly-Used Armoury.
  5135 | D:6      | Reached skill level 6 in Short Blades
  5592 | D:6      | Reached XP level 9. HP: 17/66 MP: 9/9
  5891 | D:6      | Reached skill level 5 in Evocations
  5897 | D:6      | Found an ancient bone altar of Kikubaaqudgha.
  5931 | D:6      | Noticed Blork the orc
  6239 | D:7      | Reached skill level 5 in Dodging
  6480 | D:7      | Reached skill level 7 in Short Blades
  6589 | D:7      | Found Reroev's Distillery.
  6799 | D:7      | Reached skill level 5 in Fighting
  6876 | D:7      | Found a staircase to the Ecumenical Temple.
  6954 | D:7      | Found Yto Ammelyt's Book Emporium.
  7265 | D:7      | Found Imesh's Book Boutique.
  7465 | D:7      | Identified a scroll of acquirement
  7465 | D:7      | Acquired 579 gold pieces
  7663 | D:8      | Reached XP level 10. HP: 51/73 MP: 10/10
  7789 | D:8      | Reached skill level 1 in Spellcasting
  7947 | D:8      | Reached skill level 8 in Short Blades
  8274 | D:8      | Found a shimmering blue altar of Sif Muna.
  8406 | D:8      | Found a broken altar of Ashenzari.
  9107 | D:8      | Identified the +8 long sword "Utwaej" {pain, rElec Str+2
                  | Stlth+}
  9272 | D:8      | Found Zytomuha's Assorted Antiques.
  9509 | D:9      | Found Oruedgh's Elemental Accessories.
  9520 | D:9      | Learned a level 1 spell: Necrotise
  9524 | D:9      | Learned a level 3 spell: Swiftness
  9529 | D:9      | Learned a level 4 spell: Sticky Flame
  9534 | D:9      | Learned a level 4 spell: Airstrike
  9674 | D:9      | Noticed a two-headed ogre
  9685 | D:9      | Noticed a two-headed ogre
  9747 | D:9      | Noticed a red ugly thing
  9759 | D:8      | HP: 3/77 [troll (8)]
 10027 | D:8      | Mangled by a troll

Illustrated notes

Levels and vault maps discovered:
D:1:      minmay_arrival_plants_in_alcoves, layout_loops_ring,
          chequers_serial_rivers_room_a
D:2:      layout_loops_cross
D:3:      minmay_wonky_spiral, layout_basic, makhleb_altar_promises_db,
          fedhas_altar_4, mainiacjoe_overflow_alcove_1,
          nicolae_elyvilon_peaceful_grove, minmay_pentomino_pile
D:4:      kennysheep_big_flooded_room, layout_basic, vehumet_statue,
          mainiacjoe_overflow_brackets, gammafunk_ghost_gnarly_gnolls,
          st_stairs_2
D:5:      layout_loops_ring, nemelex_dance_club_becter, grunt_decor_clamped
D:6:      nicolae_whirlpool, layout_basic, kiku_gazebo_pond_becter,
          minmay_shop_damaged, uniq_blork_the_orc
D:7:      layout_loops_ring, minmay_temple_entry_glassed_door, serial_shops,
          nicolae_shop_real_fake_doors, shop, shop
D:8:      layout_cave_pods, nicolae_sif_muna_little_library,
          lemuel_crystal_altar, serial_shops, nicolae_square_shop
D:9:      hangedman_cross_stitches, layout_long_grid, erik_lair_island,
          serial_shops, nicolae_square_shop, nicolae_shop_pleasant_corner_grove,
          kennysheep_little_box, shop, nicolae_shop_back_alley_shop,
          special_room [special_room_orc], nicolae_elemental_shop

Skill      XL: |  1  2  3  4  5  6  7  8  9 10 |
---------------+-------------------------------+-----
Evocations     | 4 5 6 |  6.0
Short Blades   | 1 2 3 4 6 7 8 |  8.5
Dodging        | 2 3 4 5 6 |  6.6
Fighting       | 2 3 4 5 6 |  6.6
Stealth        | 2 3 4 |  4.9
Spellcasting   | 3 |  3.0
Armour         | |  2.0
Necromancy     | |  0.1
Air Magic      | |  0.1

Action                     |  1- 3 |  4- 6 |  7- 9 | 10-12 || total
---------------------------+-------+-------+-------+-------++-------
  Melee: Dagger            |    76 |   178 |   367 |   245 ||   866
         Club              |     2 |       |       |       ||     2
         Punch             |       |     1 |     6 |     3 ||    10
         Long sword        |       |       |       |    31 ||    31
  Throw: Dart              |       |       |       |     6 ||     6
  Evoke: Wand              |       |     3 |    25 |     6 ||    34
    Use: Scroll            |       |       |     9 |     1 ||    10
         Potion            |       |       |     3 |     1 ||     4
   Stab: Sleeping          |     1 |     1 |     5 |       ||     7
         Distracted        |       |     1 |       |     1 ||     2
 Armour: Leather armour    |    22 |    44 |    79 |    41 ||   186
  Dodge: Dodged            |    47 |    78 |   165 |   164 ||   454
